 Dungeon Crawl Stone Soup version 0.32-a0-868-g153ae1a (webtiles) character file.

Game seed: 1089630507147277287

3232670 quokkaGoldrunner the Teletunneler (level 27, 218/218 (221) HPs)
             Began as a Formicid Monk on Mar 28, 2024.
             Was the Champion of Beogh.
             Escaped with the Orb
             ... and 5 runes!
             The game lasted 01:53:58 (69984 turns).

quokkaGoldrunner the Teletunneler (Formicid Monk)  Turns: 69984, Time: 01:53:59

HP:   218/218 (221) AC: 42    Str: 27    XL:     27
MP:   33/40         EV: 32    Int: 10    God:    Beogh [******]
Gold: 5670          SH: 32    Dex: 39    Spells: 18/52 levels left

rFire   + + .        u - +6 sword of Cerebov {flame}
rCold   + . .        q - +3 tower shield {AC+3}
rNeg    . . .        n - +10 storm dragon scales {baisuzhen}
rPois   +            (helmet unavailable)
rElec   +            U - +2 cloak "Iroq" {Regen+ rCorr Dex+2}
rCorr   +            w - +2 pair of gloves of the Bulwark {Int-3 Dex+6}
SInv    +            J - +1 pair of boots "Jezud" {rF+}
Will    ++...        N - amulet "Ogules" {Regen+ Str+4} Stlth
                     k - ring of Paranoia {rPois EV+5 Int+3 Slay+3}
HPRegen 2.16/turn    g - ring "Nout Kopo" {rElec rF+ rC+ Dex+6}
MPRegen 0.27/turn

%: no passive effects
@: studying 5 skills, lightly drained
A: walk on water, permanent stasis, dig shafts and tunnels, antennae 3, four
strong arms, deterioration 1, sense surroundings 1, inhibited regeneration,
strong 1
0: Orb of Zot
}: 5/15 runes: decaying, serpentine, slimy, silver, fiery
a: Dig, Shaft Self, Renounce Religion, Smiting, Recall Apostles, Blood for
Blood, Dismiss Milork, warrior, Dismiss Bogdan, priest, Dismiss Morbeogh,
warrior


You escaped.
You worshipped Beogh.
Beogh was exalted by your worship.
You visited 11 branches of the dungeon, and saw 55 of its levels.
You visited Pandemonium 1 time, and saw 9 of its levels.
You visited the Abyss 1 time.
You also visited: Desolation.

You collected 10035 gold pieces.
You spent 4365 gold pieces at shops.

Inventory:

Hand Weapons
 u - the +6 sword of Cerebov (weapon) {flame}
   (You found it in Pandemonium)
Missiles
 c - 8 curare-tipped darts (quivered) {!f}
 j - 5 darts of dispersal
 z - 3 throwing nets {!f}
Armour
 a - a +2 tower shield of fire resistance
 n - +10 storm dragon scales (worn) {baisuzhen}
 q - a +3 tower shield of protection (worn)
 w - the +2 pair of gloves of the Bulwark (worn) {Int-3 Dex+6}
   (You bought it in a shop on level 3 of the Dungeon)

   Int-3:     It affects your intelligence (-3).
   Dex+6:     It affects your dexterity (+6).
 J - the +1 pair of boots "Jezud" (worn) {rF+}
   (You acquired it on level 3 of the Lair of Beasts)

   rF+:       It protects you from fire.
 P - the +3 cloak of Kefoapu {rF+ Str+3 Int+4 Stlth-}
   (You bought it in a shop on level 3 of the Dungeon)

   Str+3:     It affects your strength (+3).
   Int+4:     It affects your intelligence (+4).
   rF+:       It protects you from fire.
   Stlth-:    It makes you less stealthy.
 U - the +2 cloak "Iroq" (worn) {Regen+ rCorr Dex+2}
   (You acquired it on level 5 of the Vaults)

   Dex+2:     It affects your dexterity (+2).
   Regen+:    It increases your rate of health regeneration.
   rCorr:     It protects you from acid and corrosion.
 Y - the +9 scales of the Dragon King {rPois rF+ rC+ Will+}
   (You found it on level 5 of the Pits of Slime)

   rF+:       It protects you from fire.
   rC+:       It protects you from cold.
   rPois:     It protects you from poison.
   Will+:     It increases your willpower.
Jewellery
 f - the ring "Qentugh" {rN+ Str+2 Stlth+}
   (You found it in the Desolation of Salt)

   [ring of positive energy]

   Str+2:     It affects your strength (+2).
   rN+:       It protects you from negative energy.
   Stlth+:    It makes you more stealthy.
 g - the ring "Nout Kopo" (right hand) {rElec rF+ rC+ Dex+6}
   (You found it on level 2 of the Depths)

   [ring of dexterity]

   Dex+6:     It affects your dexterity (+6).
   rF+:       It protects you from fire.
   rC+:       It protects you from cold.
   rElec:     It insulates you from electricity.
 i - a ring of willpower
 k - the ring of Paranoia (left hand) {rPois EV+5 Int+3 Slay+3}
   (You took it off a deep elf annihilator on level 3 of the Elven Halls)

   [ring of evasion]

   EV+5:      It affects your evasion (+5).
   Int+3:     It affects your intelligence (+3).
   Slay+3:    It affects your accuracy & damage with ranged weapons and melee
   (+3).
   rPois:     It protects you from poison.
 v - the ring "Plog" {Fly Str+4 Int+3 Stlth+}
   (You acquired it on level 3 of the Lair of Beasts)

   [ring of flight]

   Str+4:     It affects your strength (+4).
   Int+3:     It affects your intelligence (+3).
   Fly:       It grants you flight.
   Stlth+:    It makes you more stealthy.
 N - the amulet "Ogules" (around neck) {Regen+ Str+4}
   (You found it in the Desolation of Salt)

   [amulet of regeneration]

   Str+4:     It affects your strength (+4).
   Regen+:    It increases your rate of health regeneration.
Wands
 e - a wand of paralysis (35)
 s - a wand of polymorph (17)
 t - a wand of warping (72)
 D - a wand of digging (31)
 G - a wand of acid (56)
 T - a wand of mindburst (25)
Scrolls
 d - 7 scrolls of poison
 o - 5 scrolls of revelation {!r}
 p - 7 scrolls of vulnerability
 r - 5 scrolls of summoning {!r}
 y - 8 scrolls of fog {!r}
 A - 7 scrolls of enchant weapon
 R - a scroll of fear {!r}
 S - 3 scrolls of immolation
 Z - 4 scrolls of silence {!r}
Potions
 b - 7 potions of cancellation {!q}
 h - 6 potions of haste {!q}
 l - 12 potions of lignification {!q}
 m - 3 potions of ambrosia {!q}
 B - 5 potions of attraction
 H - 3 potions of magic {!q}
 I - 18 potions of heal wounds {!q}
 K - 9 potions of might {!q}
 L - 2 potions of brilliance {!q}
 M - 5 potions of resistance {!q}
 O - 2 potions of invisibility {!q}
 Q - 21 potions of curing {!q}
 W - 10 potions of enlightenment {!q!q}
 X - 3 potions of mutation
Miscellaneous
 x - a phantom mirror
 C - a phial of floods
 E - a sack of spiders
 F - a tin of tremorstones (2/2)
 V - a lightning rod (4/4)


   Skills:
 + Level 19.1 Fighting
 + Level 20.8 Long Blades
 - Level 2.0 Throwing
 + Level 19.1 Armour
 + Level 16.0 Dodging
 + Level 21.4 Shields
 - Level 13.0 Spellcasting
 - Level 15.0 Summonings
 O Level 27 Translocations
 - Level 20.0 Invocations
 - Level 12.0 Evocations


You had 18 spell levels left.
You knew the following spells:

 Your Spells              Type           Power      Damage    Failure   Level
n - Apportation           Tloc           100%       N/A       0%          1
x - Dispersal             Tloc           28%        N/A       1%          6
z - Manifold Assault      Tloc           28%        N/A       1%          7
I - Malign Gateway        Summ/Tloc      24%        N/A       7%          7
O - Disjunction           Tloc           28%        N/A       4%          8
U - Summon Forest         Summ/Tloc      24%        N/A       1%          5

Your spell library contained the following spells:

 Spells                   Type           Power      Damage    Failure   Level
 Call Imp                 Summ           72%        N/A       1%          2
 Call Canine Familiar     Summ           36%        N/A       1%          3
 Volatile Blastmotes      Fire/Tloc      66%        2d15      1%          3
 Dimensional Bullseye     Hex/Tloc       16%        N/A       1%          4
 Iskenderun's Mystic Bla Conj/Tloc 33%            2d8        (+2d4     1%          4
 Gell's Gavotte           Tloc           28%        2d(24-35) 1%          6
 Summon Cactus Giant      Summ           18%        N/A       14%         6
 Animate Armour           Summ/Erth      42%        N/A       21%         4
 Martyr's Knell           Necr/Summ      21%        N/A       21%         4
 Summon Blazeheart Golem  Fire/Summ      21%        N/A       21%         4
 Summon Lightning Spire   Summ/Air       21%        N/A       21%         4
 Foxfire                  Conj/Fire      24%        2x1d5     41%         1
 Freeze                   Ice            24%        1d4       41%         1
 Kiss of Death            Conj/Necr      24%        2d7       41%         1
 Magic Dart               Conj           24%        1d4       41%         1
 Necrotise                Necr           24%        1d5       41%         1
 Shock                    Conj/Air       24%        1d4       41%         1
 Slow                     Hex            24%        N/A       41%         1
 Sting                    Conj/Alch      24%        1d4       41%         1
 Cigotuvi's Dreadful Rot  Necr/Alch/Air  12%        N/A       54%         2
 Mercury Vapours          Alch/Air       12%        N/A       54%         2
 Scorch                   Fire           12%        2d5       54%         2
 Searing Ray              Conj           12%        2d4       54%         2
 Static Discharge         Conj/Air       12%        3-4/arc   54%         2
 Sublimation of Blood     Necr           6%         N/A       54%         2
 Confusing Touch          Hex            6%         N/A       78%         3
 Dazzling Flash           Conj/Hex       12%        N/A       78%         3
 Frozen Ramparts          Ice            12%        1d2       78%         3
 Fugue of the Fallen      Necr           6%         N/A       78%         3
 Hailstorm                Conj/Ice       6%         3d5       78%         3
 Inner Flame              Hex/Fire       6%         N/A       78%         3
 Mephitic Cloud           Conj/Alch/Air  6%         N/A       78%         3
 Sigil of Binding         Hex            6%         N/A       78%         3
 Tukima's Dance           Hex            6%         N/A       78%         3
 Vampiric Draining        Necr           6%         2d6       78%         3
 Airstrike                Air            3%         2d(1-17)  99%         4
 Anguish                  Hex/Necr       3%         N/A       99%         4
 Brom's Barrelling Bould  Conj/Erth      6%         2d3       99%         4
 Cause Fear               Hex            3%         N/A       99%         4
 Flame Wave               Conj/Fire      6%         2d5       99%         4
 Fulminant Prism          Conj/Alch      3%         3d5       99%         4
 Ignite Poison            Fire/Alch      6%         N/A       99%         4
 Olgreb's Toxic Radiance  Alch           6%         N/A       99%         4
 Petrify                  Alch/Erth      6%         N/A       99%         4
 Sticky Flame             Fire/Alch      6%         2d4       99%         4
 Summon Horrible Things   Summ           18%        N/A       99%         8
 Alistair's Intoxication  Alch           4%         N/A       100%        5
 Arcjolt                  Conj/Air       3%         1d13      100%        5
 Borgnjor's Vile Clutch   Necr/Erth      3%         N/A       100%        5
 Curse of Agony           Necr           6%         N/A       100%        5
 Fireball                 Conj/Fire      3%         3d4       100%        5
 Freezing Cloud           Conj/Ice/Air   3%         6-21      100%        5
 Irradiate                Conj/Alch      3%         3d12      100%        5
 Iskenderun's Battlesphe  Conj           6%         2d6       100%        5
 Lee's Rapid Deconstruct  Erth           3%         3d5*      100%        5
 Yara's Violent Unravell  Hex/Alch       3%         3d4       100%        5
 Bombard                  Conj/Erth      3%         9d1       100%        6
 Conjure Ball Lightning   Conj/Air       3%         3x3d6     100%        6
 Death Channel            Necr           3%         N/A       100%        6
 Eringya's Noxious Bog    Alch           3%         4d6       100%        6
 Plasma Beam              Fire/Air       3%         2x1d13    100%        6
 Sculpt Simulacrum        Ice/Alch       3%         N/A       100%        6
 Starburst                Conj/Fire      3%         6d3       100%        6
 Enfeeble                 Hex            3%         N/A       100%        7
 Orb of Destruction       Conj           3%         9d5       100%        7
 Ozocubu's Refrigeration  Ice            3%         4d8       100%        7
 Spellforged Servitor     Conj/Summ      10%        N/A       100%        7
 Discord                  Hex            3%         N/A       100%        8
 Ignition                 Fire           3%         3d4       100%        8
 Infestation              Necr           3%         N/A       100%        8
 Maxwell's Capacitive Co  Air            3%         ∞         100%        8
 Chain Lightning          Conj/Air       3%         3d4       100%        9
 Dragon's Call            Summ           18%        N/A       100%        9
 Fire Storm               Conj/Fire      3%         8d1       100%        9
 Shatter                  Erth           3%         3d7*      100%        9
 Blink                    Tloc           Unusable   N/A       N/A         2
 Maxwell's Portable Pile  Tloc           Unusable   2d(14-27) N/A         4
 Vhi's Electric Charge    Tloc/Air       Unusable   N/A       N/A         4

Dungeon Overview and Level Annotations

Branches:
Dungeon (15/15)            Temple (0/1) D:6            Lair (5/5) D:9
  Swamp (4/4) Lair:2        Snake (4/4) Lair:2        Slime (5/5) Lair:5
    Orc (2/2) D:11            Elf (3/3) Orc:2        Vaults (5/5) D:13
  Crypt (3/3) Vaults:2       Tomb (0/3) Crypt:3      Depths (4/4) D:15
    Zot (5/5) Depths:4    Desolation (visited)

Altars:
Ashenzari
Fedhas
Gozag
Kikubaaqudgha
Qazlal
Ru
Sif Muna
Vehumet
Wu Jian
Yredelemnul
Zin
The Shining One
Beogh
Lugonu

Shops:
D:3 ::[[[   D:5 !   Orc:2 (?(:   Elf:1 :==(   Elf:3 [   Snake:1 ?(   Vaults:5 :
Depths:1 *   Depths:4 :

Portals:
Hell: Depths:1 Depths:2 Depths:3 Depths:4
Abyss: Zot:2 Depths:3
Pandemonium: Depths:2 Depths:4
Ziggurat: Depths:1

Annotations:
Elf:2 1 runed translucent door
Vaults:4 2 exclusions
Zot:1 2 transporters
Zot:3 4 transporters


Innate Abilities, Weirdness & Mutations

You can walk on water.
Your facial features are unmistakably orcish.
You cannot be hasted, slowed, berserked, paralysed or teleported.
You can dig through walls and to a lower floor.
You have a pair of large antennae on your head. (SInv)
Your four strong arms can wield two-handed weapons with a shield.
Your body sometimes deteriorates upon taking damage.
You passively map a small area around you.
You do not regenerate when monsters are visible.
Your muscles are strong. (Str +4, Int/Dex -1)


Message History

Confirm with . or Enter, or press ? or * to list all spells.
You need more open space to create a gateway.
You closely miss Xuqam.
Xuqam is almost dead.
Morbeogh closely misses Xuqam.
Bogdan closely misses Xuqam.
Milork hits Xuqam from afar with a +0 halberd of protection.
You catch the helpless Xuqam completely off-guard!
You slice Xuqam!! You burn Xuqam!
You kill Xuqam!
Beogh accepts your kill.
No target in view!
No target in view!
What level of the Dungeon? (default 1, ? - help) HP restored.
You see here a +0 robe.
There is a stone staircase leading up, spattered with blood here.
Things that are here:
a +0 halberd; a gnoll skeleton You climb upwards.
There is a stone staircase leading down, spattered with blood here.
You swap places.
Things that are here:
a +0 whip; a +0 dagger An Orb Guardian comes into view.
You barely miss the Orb Guardian.
Morbeogh closely misses the Orb Guardian.
You closely miss the Orb Guardian.
Bogdan calls upon Beogh to strengthen Morbeogh.
Morbeogh seems to grow stronger.
Morbeogh hits the Orb Guardian with a +0 double sword of protection!!!
You block the Orb Guardian's attack.
You slice the Orb Guardian!! You burn the Orb Guardian!
You kill the Orb Guardian!
Beogh accepts your kill.
No target in view!
No target in view!
No target in view!
There is a staircase leading out of the dungeon here.
Morbeogh no longer looks unusually strong.
You have escaped!

####.#o###### #.##.....
#.#.######### #.##.....
#.#.#.#.#.#.## #.##.....
#.#..#.#.#.#.# #.##.....
#.#.#.#.#.#.## #.#.....#
#.#..#o#.#.#.# #.#.#####
#.#.#.≈o≈≈~.## #.#......
#.#..#≈o..~#.# #.#######
#.#.#.≈@..~.## #........
#.#..#≈...~#.# #########
#.#.#.≈≈≈≈~.##
##########)#..#.#.#.#.#
.............#.#.#.#.###
...........##.#.#.#.#..#
##############.#.#.#.#.#
##### #................#
#.... #.###########..#.#
#.###


You could see the friendly Bogdan the orc apostle, the friendly Milork the orc
apostle and the friendly Morbeogh the orc apostle.

Vanquished Creatures
  the Royal Jelly (Slime:5)
  A dread lich (Zot:5)
  Mennas (Depths:4)
  3 ancient liches
  4 orbs of fire (Zot:5)
  A juggernaut (Depths:4)
  Boris (twice) (Vaults:3 Depths:1)
  The ghost of Xarghoihy the Minotaur Barricade, a veteran MiCA of Jiyva (Depths:4)
  Vv (Depths:4)
  Bai Suzhen (Snake:3)
  8 Killer Klowns
  7 caustic shrikes (Depths:4)
  8 golden dragons
  A profane servitor (D:8)
  2 Tzitzimimeh (Pan)
  An electric golem (Zot:5)
  4 bone dragons
  2 Hell Sentinels (Pan)
  6 pandemonium lords
  4 Brimstone Fiends (Pan)
  5 Ice Fiends
  A walking crystal tome (Depths:2)
  15 tentacled monstrosities
  2 liches (Crypt:3)
  2 deep elf master archers (Elf:3)
  23 Orb Guardians
  3 titans (Vaults:5)
  A walking earthen tome (Depths:4)
  7 quicksilver dragons
  16 acid blobs
  5 sphinxes
  7 ancient champions
  The ghost of NahIdwin the Metamorph, an adept DjSh of Wu Jian (Swamp:4)
  11 Executioners
  A tentacled starspawn (Abyss:1)
  4 death cobs
  The ghost of Itell the Marksgoblin, an adept CoHu of Okawaru (Swamp:2)
  3 nagarajas (Snake:4)
  6 shadow dragons
  A revenant (Crypt:2)
  5 tengu reavers
  Agnes (Snake:3)
  5 rockslimes
  2 demonspawn warmongers (Pan)
  6 fire giants
  6 azure jellies
  4 protean progenitors
  9 storm dragons
  7 draconian knights
  3 draconian monks
  8 frost giants
  10 vault wardens
  5 draconian shifters
  2 iron dragons
  5 deep elf sorcerers
  5 imperial myrmidons (Desolation)
  3 ghost moths
  2 curse skulls
  3 deep elf elementalists (Elf:3)
  10 balrugs (Pan)
  2 draconian scorchers (Zot:2)
  7 reapers
  4 cacodemons (Pan)
  An orc warlord (Vaults:4)
  An angel (D:5)
  4 ghouls
  2 spectral caustic shrikes (Depths:1)
  7 ironbound preservers
  5 quicksilver oozes
  3 caustic shrike skeletons (Pan)
  2 juggernaut skeletons (Pan)
  6 draconian annihilators
  3 ironbound thunderhulks
  2 demonspawn blood saints (Pan)
  8 very ugly things
  13 stone giants
  6 draconian stormcallers
  4 demonspawn corrupters (Pan)
  8 vampire knights
  4 deep elf demonologists (Elf:3)
  5 demonspawn black suns (Pan)
  5 green draconians
  8 deep elf death magi
  6 black draconians
  5 yellow draconians
  6 formless jellyfish
  13 red draconians
  An eleionoma (Swamp:4)
  8 dire elephants
  The ghost of NahIdwin the Martial Artist, a journeyman GnSh of Ru (Lair:5)
  6 deep elf annihilators
  3 war gargoyles
  A bunyip (Swamp:1)
  5 lorocyprocas (Pan)
  9 white draconians
  11 purple draconians
  9 spark wasps
  9 green deaths
  2 halazid warlocks (Desolation)
  4 blizzard demons
  5 eidola
  Josephine (Orc:1)
  9 ettins
  8 jiangshi
  4 yaktaur captains
  2 entropy weavers
  3 shambling mangroves
  4 deep elf high priests (Elf:3)
  A crystal guardian (Vaults:4)
  A quicksilver dragon zombie (Crypt:3)
  5 fire dragons
  A spriggan zombie (Abyss:1)
  4 great orbs of eyes
  A quicksilver dragon skeleton (Crypt:3)
  3 ice dragons
  3 spriggan air magi
  3 hell beasts
  A ragged hierophant (Desolation)
  3 rakshasas
  A salamander tyrant (D:15)
  A servant of whispers (Desolation)
  11 hydras
  7 alligators
  2 ironbound frosthearts (Vaults:4)
  15 vault guards (Vaults:4)
  4 ogre magi
  9 peacekeepers
  A jorogumo (Zot:1)
  4 spriggan skeletons (Crypt:3)
  7 anacondas
  6 centaur warriors
  2 catoblepae
  5 boulder beetles
  4 two-headed ogres
  14 dancing weapons
  A fenstrider witch skeleton (Crypt:3)
  2 deep troll shamans (Depths:1)
  3 hell hogs (D:8)
  6 death yaks
  A thrashing horror (Swamp:4)
  An orc high priest (Vaults:4)
  4 tengu warriors
  5 shock serpents
  3 demonic crawlers (Pan)
  6 deep troll earth magi
  An occultist (Depths:1)
  A vampire mage (Depths:2)
  29 sun demons (Pan)
  5 naga sharpshooters
  6 spriggan berserkers
  12 naga warriors
  Sonja (Lair:5)
  A wretched star (Abyss:1)
  An iron troll (Depths:2)
  9 deep elf knights
  A skyshark (Elf:2)
  9 soul eaters
  Nergalle (Orc:2)
  2 titan skeletons (Crypt:3)
  6 sixfirhies (Pan)
  3 goliath frogs
  4 sea snakes (Snake:4)
  3 shadow wraiths
  31 skeletal warriors
  2 swamp dragons
  A glowing orange brain (shapeshifter) (Depths:3)
  2 spriggan druids (Swamp:3)
  4 sun moths (Pan)
  18 deep trolls
  7 flayed ghosts
  5 glowing orange brains
  3 salamander mystics
  8 mana vipers
  An anaconda zombie (Crypt:2)
  A shadow dragon zombie (Crypt:1)
  4 arcanists
  5 bog bodies
  2 naga ritualists
  11 deep elf archers
  An obsidian statue (Zot:5)
  An obsidian bat (Orc:2)
  2 anaconda skeletons
  11 ironbound convokers
  3 lindwurms
  9 shadow demons
  2 steelbarb worms (Zot:2)
  A golden dragon skeleton (Crypt:3)
  3 orc knights
  A fenstrider witch simulacrum (Swamp:4)
  8 phantasmal warriors
  15 deep elf pyromancers
  4 harpies
  3 necromancers
  4 orc sorcerers
  An iron giant skeleton (Crypt:3)
  19 deep elf zephyrmancers
  24 ugly things
  2 manticores (Lair:5)
  4 cyclopes
  2 worldbinders (Abyss:1)
  A fire giant zombie (Crypt:3)
  2 fauns (shapeshifter)
  2 shining eyes
  5 will-o-the-wisps
  17 salamanders
  An eleionoma skeleton (Crypt:2)
  3 meliai
  An iron dragon skeleton (Crypt:3)
  A rust devil (D:2)
  2 stone giant skeletons
  15 moths of wrath
  12 vault sentinels
  4 eyes of devastation
  5 guardian serpents
  11 naga magi
  3 elephants (Lair:5)
  2 molten gargoyles (Desolation)
  25 black mambas
  3 kobold blastminers
  A naga zombie (Crypt:1)
  12 orange demons
  9 smoke demons
  Maggie (D:8)
  2 torpor snails
  A white draconian zombie (Crypt:3)
  7 cane toads
  An unseen horror (D:11)
  18 large abominations
  An unseen horror (shapeshifter) (D:14)
  An unseen horror zombie (Crypt:2)
  A naga skeleton (Crypt:3)
  2 centaur skeletons (Crypt:3)
  A dire elephant skeleton (Crypt:3)
  A redback zombie (Crypt:1)
  4 hellions
  A rime drake (Lair:5)
  3 komodo dragons
  2 freezing wraiths
  19 yaktaurs
  4 kobold demonologists
  8 efreet
  2 tengu conjurers
  2 tormentors
  A wolf spider (shapeshifter) (Vaults:5)
  2 red devils (Pan)
  7 tyrant leeches
  8 hornets
  2 trolls
  7 hellwings
  A moth of wrath zombie (Crypt:1)
  29 saltlings
  A hydra skeleton (Crypt:3)
  2 raiju (Abyss:1)
  2 dream sheep (Lair:5)
  8 blink frogs
  83 slime creatures
  5 glass eyes
  14 ynoxinuls
  2 shadows
  2 air elementals
  A spriggan (shapeshifter) (D:12)
  An ettin skeleton (Crypt:3)
  8 spriggans
  A yak (shapeshifter) (D:12)
  6 water elementals
  5 wraiths
  15 fire elementals (Zot:4)
  A hog (Snake:1)
  5 neqoxecs (Pan)
  33 yaks
  6 humans (D:8)
  8 golden eyes
  Grum (D:9)
  5 redbacks
  2 steam dragons
  6 chaos spawn
  A deep troll zombie (Crypt:2)
  5 vampire mosquitoes
  10 swamp worms
  6 water moccasins
  A demonspawn zombie (Crypt:2)
  36 nagas
  An acid dragon (shapeshifter) (D:13)
  A death drake simulacrum (Swamp:4)
  A cane toad zombie (Crypt:1)
  7 orc warriors
  A two-headed ogre skeleton (Crypt:3)
  A black bear (D:6)
  A meliai simulacrum (D:14)
  2 swamp drakes
  3 ice beasts
  14 laughing skulls
  A spriggan simulacrum (Swamp:4)
  A boggart (Lair:5)
  5 wolves
  12 ogres
  7 centaurs
  A dream sheep skeleton (Crypt:1)
  An elf zombie (Elf:1)
  A swamp dragon skeleton (Crypt:3)
  A hog skeleton (Crypt:2)
  2 kobold brigands (D:7)
  An earth elemental (Elf:1)
  6 bullfrogs
  5 gnoll sergeants
  6 scorpions
  A wyvern skeleton (Crypt:2)
  A polar bear zombie (Crypt:2)
  8 wights
  A killer bee (D:9)
  2 oklob saplings (D:8)
  A shapeshifter skeleton (Crypt:1)
  3 bombardier beetles
  A polar bear skeleton (Crypt:1)
  6 howler monkeys
  9 hounds
  A human zombie (Crypt:3)
  4 orc priests
  A jelly (D:6)
  3 gnoll boudas
  An iron imp (Pan)
  Jessica (D:3)
  2 sleepcaps (D:5)
  Terence (D:2)
  3 iguanas
  Ijyb (D:5)
  11 orc wizards
  A scorpion zombie (Crypt:2)
  Robin (D:4)
  30 gnolls
  5 adders
  3 dart slugs
  3 ribbon worms
  13 orcs
  9 ball pythons
  2 bats
  5 endoplasms
  A giant cockroach (D:2)
  14 goblins
  11 hobgoblins
  8 kobolds
  5 quokkas
  An endoplasm zombie (Crypt:3)
  4 frilled lizards
  A frilled lizard skeleton (Crypt:2)
  6 rats
  An aspiring flesh (Zot:1)
  2 fire vortices (Pan)
  3 starspawn tentacles (Abyss:1)
1822 creatures vanquished.

Vanquished Creatures (collateral kills)
  2 dread liches
  An orb of fire (Zot:4)
  Sojobo (Depths:3)
  A Killer Klown (Zot:5)
  Parghit (Depths:3)
  2 caustic shrikes (Depths:4)
  3 golden dragons
  Norris (Elf:2)
  Nikola (Vaults:3)
  A Brimstone Fiend (Pan)
  An electric golem (Zot:5)
  5 tentacled monstrosities
  A Hell Sentinel (Pan)
  7 Orb Guardians (Zot:5)
  A walking frostbound tome (D:15)
  A deep elf blademaster (Elf:2)
  3 titans (Vaults:5)
  10 acid blobs
  3 death cobs
  3 ancient champions
  Gastronok (Lair:3)
  3 shadow dragons
  2 storm dragons
  Kirke (Snake:1)
  Donald (Crypt:1)
  4 tengu reavers
  The ghost of Ytinut the Bludgeoner, an adept MiAK of Lugonu (D:15)
  2 demonspawn warmongers (Pan)
  3 nagarajas (Snake:4)
  2 revenants
  A draconian monk (Zot:4)
  2 protean progenitors (Zot:1)
  3 rockslimes (Slime:5)
  2 frost giants
  5 draconian shifters
  A fenstrider witch (Swamp:1)
  5 azure jellies
  3 spectral caustic shrikes (Depths:1)
  8 vault wardens
  5 balrugs (Pan)
  4 fire giants
  A draconian scorcher (Zot:2)
  2 deep elf sorcerers (Elf:3)
  An imperial myrmidon (Desolation)
  A deep elf elementalist (Elf:3)
  5 orc warlords
  A demonspawn blood saint (Pan)
  A caustic shrike skeleton (Crypt:3)
  3 draconian annihilators
  5 ironbound preservers
  3 draconian stormcallers
  2 reapers (Pan)
  A demonspawn corrupter (Pan)
  2 formless jellyfish (Slime:2)
  5 quicksilver oozes (Slime:5)
  9 stone giants
  5 very ugly things
  3 ironbound thunderhulks (Vaults:4)
  6 green draconians
  A vampire knight (Crypt:2)
  2 deep elf demonologists
  A war gargoyle (Vaults:4)
  5 red draconians
  2 bunyips
  2 eleionomae
  A yellow draconian (Zot:1)
  3 black draconians
  A demonspawn black sun (Pan)
  6 spark wasps
  3 white draconians
  3 purple draconians
  2 deep elf annihilators (Elf:3)
  4 dire elephants
  3 deep elf death magi
  Snorg (Orc:1)
  The ghost of Zecoeb the Grappler, a journeyman DrSh of Wu Jian (D:12)
  A fire dragon (Depths:4)
  8 ettins
  2 green deaths
  An eidolon (Crypt:1)
  2 deep elf high priests (Elf:3)
  A spriggan zombie (Crypt:1)
  3 blizzard demons
  Fannar (Lair:3)
  An entropy weaver (shapeshifter) (D:15)
  A merfolk impaler (Depths:1)
  6 ice dragons
  A yaktaur captain (Vaults:5)
  An entropy weaver (Vaults:4)
  A spectral fenstrider witch (Swamp:4)
  A salamander tyrant (Snake:1)
  3 servants of whispers (Desolation)
  4 peacekeepers (Desolation)
  A rakshasa (Depths:3)
  A ragged hierophant (Desolation)
  A great orb of eyes (Swamp:4)
  A fenstrider witch skeleton (Crypt:3)
  2 ghost crabs (Swamp:4)
  2 ironbound frosthearts
  A spriggan air mage (Depths:1)
  A spriggan skeleton (Crypt:3)
  10 vault guards
  2 catoblepae (Lair:5)
  8 hydras
  5 anacondas
  An alligator (Swamp:4)
  3 centaur warriors
  6 boulder beetles
  10 two-headed ogres
  2 demonic crawlers (Pan)
  3 ogre magi
  10 dancing weapons
  5 death yaks
  3 vampire magi
  A death knight (Crypt:1)
  An orc high priest (Elf:1)
  2 deep troll shamans
  2 tengu warriors
  2 deep troll earth magi
  6 naga warriors
  4 spriggans
  3 spriggan berserkers (Depths:2)
  7 deep elf knights
  2 shock serpents (Snake:4)
  2 naga sharpshooters (Snake:4)
  10 sun demons (Pan)
  2 skysharks (Elf:2)
  3 sea snakes (Snake:4)
  A spectral bunyip (Swamp:4)
  An iron troll (Depths:1)
  2 salamander mystics
  11 deep trolls
  A flayed ghost (Crypt:2)
  29 skeletal warriors
  2 glowing orange brains
  5 bog bodies
  A sea snake (shapeshifter) (Vaults:5)
  52 slime creatures
  A mana viper (shapeshifter) (Depths:4)
  5 arcanists
  A steelbarb worm (Zot:2)
  2 shadow demons
  4 naga ritualists
  2 swamp dragons
  An iron giant skeleton (Crypt:3)
  9 deep elf archers
  A steelbarb worm (shapeshifter) (Vaults:5)
  8 deep elf zephyrmancers
  4 necromancers
  5 phantasmal warriors
  A lindwurm (Vaults:2)
  2 obsidian bats (Orc:2)
  4 orc knights
  2 bunyip skeletons
  7 deep elf pyromancers
  A harpy (Vaults:2)
  6 ironbound convokers
  25 ugly things
  4 large abominations
  5 shining eyes
  3 will-o-the-wisps
  8 salamanders
  2 cyclopes
  6 moths of wrath
  7 orc sorcerers
  3 meliai
  2 elephants (Lair:5)
  A kobold blastminer (Orc:2)
  5 vault sentinels
  19 black mambas
  A centaur skeleton (Crypt:3)
  A torpor snail (Lair:1)
  6 guardian serpents
  14 naga magi
  A kobold demonologist (D:9)
  6 cane toads
  5 smoke demons (Pan)
  2 orange demons
  2 gargoyles (D:12)
  The ghost of Truedra the Destroyer, a novice DrCj of Vehumet (D:5)
  A komodo dragon (Lair:5)
  An unseen horror (D:11)
  A rime drake (Lair:3)
  A komodo dragon (shapeshifter) (Depths:2)
  8 yaktaurs
  A tengu conjurer (Depths:1)
  3 efreet (Pan)
  2 black draconian skeletons
  A freezing wraith (Vaults:5)
  A red draconian skeleton (Crypt:1)
  4 polar bears
  A red devil (Pan)
  A troll (Lair:5)
  3 tyrant leeches
  A harpy zombie (Crypt:2)
  16 saltlings (Desolation)
  A shadow dragon simulacrum (Crypt:2)
  13 blink frogs
  3 glass eyes
  10 hornets
  A harpy skeleton (Crypt:1)
  5 hellwings
  9 dream sheep (Lair:5)
  A jumping spider (Vaults:4)
  A shadow (D:10)
  2 ynoxinuls (Pan)
  A vampire (D:10)
  5 wraiths
  3 water elementals
  3 humans (D:8)
  A black mamba skeleton (Crypt:2)
  28 yaks
  5 fire elementals (Zot:4)
  3 wyverns
  2 basilisks
  3 golden eyes (Slime:1)
  A neqoxec (Pan)
  A warg (D:9)
  5 redbacks
  8 vampire mosquitoes
  4 chaos spawn
  A steam dragon (D:9)
  A two-headed ogre zombie (Crypt:1)
  2 acid dragons (D:9)
  14 nagas
  3 swamp worms
  A merfolk skeleton (Crypt:1)
  7 water moccasins
  A swamp drake (Swamp:2)
  2 ice beasts (D:14)
  4 laughing skulls (Crypt:3)
  6 orc warriors
  7 ogres
  3 centaurs
  13 wolves
  2 elf zombies (Elf:1)
  A draconian zombie (Crypt:1)
  4 bullfrogs
  5 gnoll sergeants
  An earth elemental (Elf:2)
  5 wights
  A killer bee (D:9)
  A howler monkey (D:9)
  An orc priest (D:9)
  Crazy Yiuf (D:2)
  2 gnoll boudas (D:7)
  6 orc wizards
  10 gnolls
  4 adders (D:8)
  A shadow imp (D:7)
  2 white imps (D:14)
  3 ufetubi (D:14)
  An orc (D:9)
  2 jackals (D:8)
  3 ball pythons (D:8)
  A kobold (D:7)
  3 fire vortices (Pan)
  A lurking horror (Zot:2)
959 creatures vanquished.

Vanquished Creatures (others)
  Cerebov (Pan)
  A tentacled monstrosity (Zot:1)
  A draconian knight (Zot:4)
  A balrug (Pan)
  4 orc warlords
  A spectral fenstrider witch (Swamp:4)
  A ghost crab (Swamp:4)
  13 orc high priests
  A hell hog (D:8)
  A deep elf knight (Elf:1)
  A sun demon (Pan)
  A salamander mystic (Snake:1)
  2 spectral bunyips (Swamp:4)
  A shadow demon (Depths:2)
  2 deep trolls
  8 orc knights
  42 orc apostles
  An ugly thing (Depths:1)
  A slime creature (Slime:4)
  2 bloated husks (Swamp:4)
  A glass eye (Depths:2)
  A human (Snake:1)
  2 vampire mosquitoes (Swamp:4)
  8 orc warriors
  12 orc priests
  5 orc wizards
  9 orcs
  A fire vortex (Pan)
  34 foxfires
159 creatures vanquished.

Grand Total: 2940 creatures vanquished

Notes
Turn   | Place    | Note
-------+----------+-------------------------------------------
     0 | D:1      | quokkaGoldrunner the Formicid Monk began the quest for the
                  | Orb.
     0 | D:1      | Reached XP level 1. HP: 18/18 MP: 1/1
   252 | D:1      | Reached XP level 2. HP: 24/24 MP: 2/2
   997 | D:1      | Reached XP level 3. HP: 28/30 MP: 3/3
  1256 | D:2      | Noticed Terence
  1263 | D:2      | Killed Terence
  1278 | D:2      | Reached XP level 4. HP: 18/37 MP: 4/4
  1579 | D:1      | Reached XP level 5. HP: 18/42 MP: 5/5
  1940 | D:2      | Found a runed translucent door.
  1941 | D:2      | Noticed Crazy Yiuf
  2001 | D:2      | Reached skill level 5 in Long Blades
  2327 | D:3      | Found Oscheu's Antique Armour Shoppe.
  2398 | D:3      | Found an ancient bone altar of Kikubaaqudgha.
  2486 | D:3      | Reached XP level 6. HP: 47/49 MP: 6/6
  2532 | D:3      | Found Quca's Armour Boutique.
  2590 | D:3      | Found Ugoar's Book Shop.
  2613 | D:3      | Found a glowing silver altar of Zin.
  2648 | D:3      | Noticed Jessica
  2658 | D:3      | Killed Jessica
  2751 | D:3      | Found Jyreph's Book Shop.
  2840 | D:3      | Found Tietwi's Armour Boutique.
  2928 | D:3      | Identified the +6 mace "Guoluerr" {protect, Stlth+}
  3003 | D:4      | Reached skill level 5 in Fighting
  3032 | D:4      | Found a stormy altar of Qazlal.
  3340 | D:4      | Reached XP level 7. HP: 45/56 MP: 7/7
  3575 | D:4      | Noticed Robin
  3599 | D:4      | Killed Robin
  3812 | D:4      | Identified the +0 pair of gloves of the Blind Marksman
                  | {rPois Dex+2}
  4244 | D:4      | Found a shimmering blue altar of Sif Muna.
  4287 | D:5      | Entered Level 5 of the Dungeon
  4322 | D:5      | Reached XP level 8. HP: 64/64 MP: 8/8
  4553 | D:4      | Reached skill level 1 in Evocations
  4727 | D:5      | Reached skill level 1 in Throwing
  5132 | D:5      | Found a transporter.
  5158 | D:5      | Found Qimea's Distillery.
  5317 | D:5      | Noticed Truedra's ghost (novice DrCj)
  5319 | D:5      | Identified the amulet "Tasal" {Faith Will+}
  5335 | D:5      | Found a transporter.
  5347 | D:5      | Identified the +4 ring mail of the Lily {Int+3 SInv}
  5400 | D:5      | Bought a potion of degeneration for 12 gold pieces
  5476 | D:3      | Bought a warped scale mail for 234 gold pieces
  5476 | D:3      | Identified the +0 scale mail of Decompression {Dex+6} (You
                  | bought it in a shop on level 3 of the Dungeon)
  5571 | D:5      | Became a worshipper of Beogh the Shepherd
  5571 | D:5      | Reached * piety under Beogh
  5571 | D:5      | Reached ** piety under Beogh
  5662 | D:5      | Noticed Ijyb
  5671 | D:5      | Killed Ijyb
  5850 | D:5      | Reached XP level 9. HP: 68/72 MP: 9/9
  6356 | D:6      | Identified the +4 rapier "Ezuteeg" {protect, ^Drain rN++
                  | Int+3}
  6538 | D:6      | Found a staircase to the Ecumenical Temple.
  6777 | D:6      | Found a sacrificial altar of Ru.
  7139 | D:7      | Reached skill level 10 in Long Blades
  7345 | D:7      | Reached XP level 10. HP: 50/80 MP: 10/10
  7352 | D:7      | Reached *** piety under Beogh
  7399 | D:7      | Noticed Bolgrim
  7445 | D:7      | Anointed Bolgrim the warrior as your apostle
  7978 | D:7      | Reached skill level 1 in Invocations
  8066 | D:7      | Noticed Wargath
  8075 | D:7      | Anointed Wargath the priest as your apostle
  8521 | D:7      | Found a glowing golden altar of the Shining One.
  9013 | D:8      | Reached **** piety under Beogh
  9030 | D:8      | Reached XP level 11. HP: 56/90 MP: 14/14
  9033 | D:8      | Reached skill level 5 in Invocations
  9034 | D:8      | Reached skill level 10 in Fighting
  9547 | D:8      | Noticed Maggie
  9554 | D:8      | Killed Maggie
 10064 | D:9      | Noticed Grum
 10077 | D:9      | Killed Grum
 10262 | D:9      | Found a blossoming altar of Fedhas.
 10306 | D:9      | Found a staircase to the Lair.
 10618 | D:9      | Found a broken altar of Ashenzari.
 10752 | D:9      | Identified the +0 robe of Pride {^Contam rPois Dex+6}
 10752 | D:9      | Noticed Warbeogh
 10770 | D:9      | Anointed Warbeogh the wizard as your apostle
 11060 | D:10     | Entered Level 10 of the Dungeon
 11144 | D:10     | Reached ***** piety under Beogh
 11329 | D:10     | Found an ornate altar of the Wu Jian Council.
 11374 | D:10     | Reached XP level 12. HP: 100/100 MP: 17/17
 11878 | D:2      | Killed Crazy Yiuf
 12030 | D:5      | Killed Truedra's ghost
 12361 | D:11     | Found a staircase to the Orcish Mines.
 12392 | D:11     | Identified the +1 flail "Rasorag" {drain, *Rage Str+8}
 12416 | Orc:1    | Entered Level 1 of the Orcish Mines
 12532 | Orc:1    | Found a roughly hewn altar of Beogh.
 12801 | Orc:1    | Noticed Snorg
 12807 | Orc:1    | Killed Snorg
 12808 | Orc:1    | Reached skill level 1 in Armour
 13007 | Orc:2    | Entered Level 2 of the Orcish Mines
 13007 | Orc:2    | Found a staircase to the Elven Halls.
 13938 | Orc:2    | Noticed a sun demon
 13948 | Orc:2    | Reached skill level 5 in Evocations
 13966 | Orc:2    | Noticed an ogre mage
 13973 | Orc:2    | Killed an ogre mage
 14076 | Orc:2    | Found a radiant altar of Vehumet.
 14080 | Orc:2    | Noticed an ogre mage
 14088 | Orc:2    | Killed an ogre mage
 14089 | Orc:2    | Reached skill level 5 in Dodging
 14094 | Orc:2    | Reached skill level 5 in Armour
 14094 | Orc:2    | Reached XP level 13. HP: 46/108 MP: 19/19
 14292 | Orc:2    | Found Funefoer's Magic Scroll Boutique.
 14302 | Orc:2    | Noticed Nergalle
 14305 | Orc:2    | Found an ancient bone altar of Kikubaaqudgha.
 14309 | Orc:2    | Killed Nergalle
 14421 | Orc:2    | Bought a scroll of noise for 13 gold pieces
 14443 | Orc:2    | Found Maocs's Antique Weapon Boutique.
 14480 | Orc:2    | Found a roughly hewn altar of Beogh.
 14480 | Orc:2    | Found Ruxurghoi's Antique Weapon Boutique.
 14652 | Orc:2    | Found Muetagri's Book Shop.
 14858 | Orc:1    | Noticed Josephine
 14866 | Orc:1    | Killed Josephine
 14870 | Orc:1    | Your ally Wargath died
 15136 | D:11     | Found an opulent altar of Gozag.
 15359 | D:11     | Reached skill level 5 in Shields
 15767 | D:11     | Found a roughly hewn altar of Beogh.
 15773 | D:11     | Reached skill level 10 in Invocations
 15798 | D:11     | Identified the +4 halberd "Xanoden" {venom, rF+ rCorr Str-2
                  | Int+4}
 15798 | D:11     | Identified the +6 plate armour of the Unseen Realm {Harm
                  | Will+ rCorr Str+4}
 15808 | D:11     | Your ally Warbeogh died
 15812 | D:11     | Anointed Bogmar the warrior as your apostle
 15907 | D:11     | Noticed a centaur warrior
 15912 | D:11     | Killed a centaur warrior
 16017 | Lair:1   | Entered Level 1 of the Lair of Beasts
 16912 | D:3      | Bought the +3 cloak of Kefoapu {rF+ Str+3 Int+4 Stlth-} for
                  | 514 gold pieces
 17089 | Lair:2   | Found a staircase to the Swamp.
 17126 | Lair:2   | Reached XP level 14. HP: 91/115 MP: 22/22
 17241 | Lair:2   | Identified 2 scrolls of acquirement
 17607 | Lair:2   | Noticed Fannar
 17833 | Lair:2   | Found a staircase to the Snake Pit.
 18103 | Lair:3   | Reached skill level 10 in Shields
 18304 | Lair:3   | Noticed Gastronok
 18314 | Lair:3   | Killed Gastronok
 18414 | Lair:3   | Killed Fannar
 20434 | Lair:5   | Entered Level 5 of the Lair of Beasts
 20592 | Lair:5   | Found a runed translucent door.
 20593 | Lair:5   | Noticed NahIdwin's ghost (journeyman GnSh)
 20608 | Lair:5   | Noticed Sonja
 20612 | Lair:5   | Killed Sonja
 20628 | Lair:5   | Reached XP level 15. HP: 35/122 MP: 24/24
 20893 | Lair:5   | Reached ****** piety under Beogh
 20943 | Lair:5   | Found a staircase to the Slime Pits.
 21106 | Lair:5   | Identified the +1 war axe of Grandeur {heavy, rPois rCorr}
 21118 | Lair:5   | Anointed Wardok the priest as your apostle
 21344 | Lair:5   | Reached skill level 15 in Long Blades
 22014 | Lair:5   | Identified the +6 trident of Armageddon {flame, Str+5 SInv}
 22196 | Lair:5   | Killed NahIdwin's ghost
 22485 | D:12     | Reached skill level 15 in Shields
 22645 | D:12     | Found a runed translucent gate.
 22646 | D:12     | Found a runed translucent gate.
 22647 | D:12     | Found a runed translucent gate.
 22648 | D:12     | Noticed Zecoeb's ghost (journeyman DrSh)
 22661 | D:12     | Killed Zecoeb's ghost
 23597 | D:13     | Identified the +4 quarterstaff "ETAOIN SHRDLU" {drain,
                  | Will+ Int+3}
 23863 | D:13     | Reached XP level 16. HP: 130/134 MP: 25/25
 24182 | D:13     | Your ally Bogmar died
 24385 | D:13     | Found a gate to the Vaults.
 24554 | D:14     | Reached skill level 15 in Fighting
 25034 | D:14     | Identified the +8 hand axe of the Baking Wasp {antimagic,
                  | rCorr SInv Stlth-}
 25044 | D:14     | Anointed Learuk the priest as your apostle
 25264 | D:15     | Entered Level 15 of the Dungeon
 25544 | D:15     | Found a staircase to the Depths.
 25737 | D:15     | Found a runed translucent gate.
 25737 | D:15     | Found a runed translucent gate.
 25737 | D:15     | Found a runed translucent gate.
 25739 | D:15     | Noticed Ytinut's ghost (adept MiAK)
 26078 | D:15     | Identified the +4 great mace of Nightmares {antimagic, rC+
                  | Will+ Int+2 SInv}
 26177 | D:15     | Found the +3 salamander hide armour {Flames, rFlCloud rF++
                  | rC--}
 26671 | D:15     | Your ally Learuk died
 26672 | D:15     | Reached XP level 17. HP: 61/144 MP: 26/26
 26672 | D:15     | Your ally Bogmar died
 26681 | D:15     | Killed Ytinut's ghost
 26912 | D:15     | Identified the +3 lajatang of Gehenna {antimagic, rF- rCorr
                  | Str+10 Dex-2}
 27110 | Lair:3   | Acquired the ring "Plog" {Fly Str+4 Int+3 Stlth+}
 27116 | Lair:3   | Acquired the +1 pair of boots "Jezud" {rF+}
 27117 | Lair:3   | Acquired a manual of Spellcasting
 27202 | Snake:1  | Entered Level 1 of the Snake Pit
 27286 | Snake:1  | Reached skill level 10 in Armour
 27502 | Snake:1  | Noticed Kirke
 27508 | Snake:1  | Killed Kirke
 27734 | Snake:1  | Found Quteciad's Antique Weapon Shoppe.
 27744 | Snake:1  | Found Useofa's Magic Scroll Emporium.
 27795 | Snake:1  | Bought a scroll of fog for 48 gold pieces
 27795 | Snake:1  | Bought a scroll of enchant weapon for 90 gold pieces
 29364 | Snake:2  | Your ally Learuk died
 30334 | Snake:3  | Your ally Bolgrim died
 30355 | Snake:3  | Your ally Bogmar died
 30364 | Snake:3  | Noticed Bai Suzhen
 30371 | Snake:3  | Killed Bai Suzhen
 30396 | Snake:3  | Reached XP level 18. HP: 129/155 MP: 27/27
 30455 | Snake:3  | Found Bitaj's Vocational Training.
 30464 | Snake:3  | Bought a manual of Invocations for 880 gold pieces
 30670 | Snake:3  | Noticed Agnes
 30674 | Snake:3  | Killed Agnes
 31399 | Snake:4  | Entered Level 4 of the Snake Pit
 31464 | Snake:4  | Your ally Bolgrim died
 31911 | Snake:4  | Your ally Bogmar died
 31920 | Snake:4  | Your ally Learuk died
 31943 | Snake:4  | HP: 6/157 [black mamba (10)]
 31950 | Snake:4  | HP: 4/157 [shock serpent/bolt of electricity (5)]
 31961 | Snake:4  | HP: 7/157 [shock serpent/bolt of electricity (2)]
 32353 | Snake:4  | Reached skill level 15 in Invocations
 32972 | Snake:4  | Reached XP level 19. HP: 148/163 MP: 31/31
 33026 | Snake:4  | Got a serpentine rune of Zot
 33754 | D:3      | Bought the +2 pair of gloves of the Bulwark {Int-3 Dex+6}
                  | for 305 gold pieces
 33797 | D:3      | Bought a book of the Warp for 682 gold pieces
 33805 | D:3      | Learned a level 7 spell: Manifold Assault
 33812 | D:3      | Learned a level 6 spell: Gell's Gavotte
 34000 | Swamp:1  | Entered Level 1 of the Swamp
 34147 | Swamp:1  | Anointed Gorg the priest as your apostle
 34278 | Swamp:1  | Reached skill level 1 in Spellcasting
 34567 | Swamp:2  | Reached skill level 1 in Translocations
 34739 | Swamp:2  | Found a runed translucent gate.
 34739 | Swamp:2  | Found a runed translucent gate.
 34739 | Swamp:2  | Found a runed translucent gate.
 34745 | Swamp:2  | Noticed Itell's ghost (adept CoHu)
 34756 | Swamp:2  | Killed Itell's ghost
 35303 | Swamp:3  | Reached skill level 2 in Translocations
 35650 | Swamp:4  | Entered Level 4 of the Swamp
 35711 | Swamp:4  | Reached skill level 5 in Spellcasting
 35711 | Swamp:4  | Reached skill level 3 in Translocations
 35741 | Swamp:4  | Your ally Gorg died
 35928 | Swamp:4  | Your ally Bolgrim died
 35961 | Swamp:4  | Reached skill level 4 in Translocations
 36056 | Swamp:4  | Reached XP level 20. HP: 170/170 MP: 31/33
 36070 | Swamp:4  | Your ally Bogmar died
 36084 | Swamp:4  | Got a decaying rune of Zot
 36195 | Swamp:4  | Found a transporter.
 36198 | Swamp:4  | Noticed NahIdwin's ghost (adept DjSh)
 36203 | Swamp:4  | Found a transporter.
 36253 | Swamp:4  | Identified the +5 leather armour "Iwuseoku" {rF+}
 36368 | Swamp:4  | Killed NahIdwin's ghost
 36436 | Swamp:4  | Identified the +1 glaive "Cuxiuwk" {pain, rElec}
 36437 | Swamp:4  | Identified the amulet of Qis Suon {RegenMP+ Int+5 Dex+4
                  | Stlth+}
 36701 | D:8      | Got the Quarto of the Yliaster
 36836 | Elf:1    | Entered Level 1 of the Elven Halls
 36905 | Elf:1    | Your ally Gorg died
 36914 | Elf:1    | Reached skill level 5 in Translocations
 37087 | Elf:1    | Found Loipn's Antique Weapon Shop.
 37136 | Elf:1    | Your ally Bolgrim died
 37139 | Elf:1    | Anointed Milork the warrior as your apostle
 37247 | Elf:1    | Reached skill level 6 in Translocations
 37397 | Elf:1    | Got Caumuac's Guide on Unspeakable Rituals
 37617 | Elf:1    | Found Ygorra Urghu's Book Shop.
 37617 | Elf:1    | Found Viabod's Jewellery Emporium.
 37618 | Elf:1    | Found Ibead's Jewellery Emporium.
 37835 | Elf:2    | Reached skill level 7 in Translocations
 37975 | Elf:2    | Found a runed translucent door.
 37999 | Elf:2    | Found a runed translucent door.
 38356 | Elf:2    | Noticed Norris
 38364 | Elf:2    | Killed Norris
 38366 | Elf:2    | Reached skill level 8 in Translocations
 38369 | Elf:2    | Reached XP level 21. HP: 79/177 MP: 5/35
 38418 | Elf:2    | Reached skill level 9 in Translocations
 38835 | Elf:3    | Entered Level 3 of the Elven Halls
 38894 | Elf:3    | Reached skill level 10 in Translocations
 39023 | Elf:3    | Identified the ring of Paranoia {rPois EV+5 Int+3 Slay+3}
 39039 | Elf:3    | Noticed a Tzitzimitl
 39056 | Elf:3    | Your ally Bolgrim died
 39068 | Elf:3    | Reached skill level 11 in Translocations
 39534 | Elf:3    | Reached skill level 12 in Translocations
 39668 | Elf:3    | Found Giweabu's Armour Shop.
 39771 | Elf:3    | Identified the +0 war axe "Ennyrime" {flame, rElec rPois
                  | Will++ rCorr}
 39771 | Elf:3    | Identified the amulet of Wyxaahyasa {Spirit Str+5}
 39787 | Elf:3    | Identified the ring "Loankios" {rN+ Str-5 Int+3 SInv}
 39826 | Elf:3    | Got Deluoc's Thoughts on the Shot
 39843 | Elf:3    | Got the Book of Debased Spells
 39844 | Elf:3    | Found the +1 cloak of Starlight {*Dazzle EV+4 Stlth--}
 39861 | Elf:3    | Identified the +1 chain mail of the Unbroken {Rampage MP+9}
 39862 | Elf:3    | Identified the +4 arbalest of Dithmenos's Grace {elec,
                  | rPois Str+2 Int+3}
 39873 | Elf:3    | Identified the +7 orcbow "Effa" {speed, Dex+6}
 39882 | Elf:3    | Got the Disquisition on Differential Fate
 40393 | Elf:3    | Found Giweabu's Armour Shop.
 40592 | Vaults:1 | Entered Level 1 of the Vaults
 41197 | Vaults:1 | Reached XP level 22. HP: 173/184 MP: 36/36
 41237 | Vaults:1 | Got the Parchment of Energy and Ouranomancy
 41246 | Vaults:1 | Identified the staff "Nassaekh" {rC+ Dex+4 Ice Air Alchemy}
 42023 | Vaults:2 | Reached skill level 13 in Translocations
 42023 | Vaults:2 | Your ally Bolgrim died
 42070 | Vaults:2 | Identified the +4 scale mail "Uttehyd" {rF+ Str+4}
 42118 | Vaults:2 | Identified the +1 triple crossbow "Boypp" {penet, Dex+5}
 42342 | Vaults:2 | Found a staircase to the Crypt.
 42478 | Vaults:3 | Your ally Bogmar died
 42630 | Vaults:3 | Identified the +2 robe of Beck {Dex+3}
 42630 | Vaults:3 | Noticed Boris
 42637 | Vaults:3 | Killed Boris
 42724 | Vaults:3 | Identified the +9 sling of the Penguin {freeze, rF++}
 43279 | Vaults:3 | Noticed Nikola
 43282 | Vaults:3 | Killed Nikola
 43746 | Vaults:4 | Your ally Bolgrim died
 43751 | Vaults:4 | Reached XP level 23. HP: 164/190 MP: 37/37
 43801 | Vaults:4 | Found a crumbling gateway.
 43816 | Desolati | Entered the Desolation of Salt
 43838 | Desolati | Identified the amulet "Hayh" {Spirit rElec rPois rF-
                  | Regen+}
 43994 | Desolati | Your ally Bolgrim died
 44028 | Desolati | Identified the +8 plate armour of Insatiable Hunger {rElec
                  | Int+4}
 44088 | Desolati | Identified the +8 orcbow of Beogh's Respect {flame, Will+
                  | rCorr Dex+2}
 44288 | Desolati | Reached skill level 14 in Translocations
 44369 | Desolati | Identified the amulet "Ogules" {Regen+ Str+4}
 44421 | Desolati | Identified the ring "Qentugh" {rN+ Str+2 Stlth+}
 44897 | Vaults:4 | Anointed Bogdan the priest as your apostle
 45616 | Vaults:5 | Entered Level 5 of the Vaults
 45669 | Vaults:4 | Reached skill level 10 in Dodging
 45671 | Vaults:4 | Reached skill level 15 in Armour
 45707 | Vaults:4 | Learned a level 6 spell: Dispersal
 45712 | Vaults:4 | Learned a level 4 spell: Iskenderun's Mystic Blast
 45866 | Vaults:5 | Reached XP level 24. HP: 138/197 MP: 37/37
 45913 | Vaults:5 | Noticed a golden dragon
 45918 | Vaults:5 | Killed a golden dragon
 45973 | Vaults:5 | Reached skill level 15 in Translocations
 46022 | Vaults:5 | Your ally Bogmar died
 46134 | Vaults:5 | Acquired the +2 cloak "Iroq" {Regen+ rCorr Dex+2}
 46151 | Vaults:5 | Got the Almanac of Rubedo and Convocation
 46156 | Vaults:5 | Identified the +1 plate armour "Lypnoto" {rPois Int-5
                  | Dex+7}
 46159 | Vaults:5 | Got the Atlas of the Decalescent Birds
 46722 | Vaults:5 | Noticed a dread lich
 46730 | Vaults:5 | Killed a dread lich
 46752 | Vaults:5 | Got a silver rune of Zot
 46985 | Vaults:5 | Found Racelez's Book Boutique.
 47644 | Vaults:5 | Found Racelez's Book Boutique.
 47941 | Vaults:4 | Anointed Morbeogh the warrior as your apostle
 48023 | Crypt:1  | Entered Level 1 of the Crypt
 48230 | Crypt:1  | Found an ancient bone altar of Kikubaaqudgha.
 48332 | Crypt:1  | Noticed Donald
 48336 | Crypt:1  | Killed Donald
 48715 | Crypt:2  | Reached skill level 16 in Translocations
 48746 | Crypt:2  | Reached XP level 25. HP: 204/204 MP: 37/37
 49300 | Crypt:3  | Entered Level 3 of the Crypt
 49367 | Crypt:3  | Your ally Bogdan died
 49430 | Crypt:3  | Found a basalt altar of Yredelemnul.
 49604 | Crypt:3  | Noticed an ancient lich
 49607 | Crypt:3  | Killed an ancient lich
 49670 | Crypt:3  | Identified the staff "Cycar" {rF+ Fire Earth}
 49931 | Crypt:3  | Reached skill level 17 in Translocations
 50270 | Crypt:3  | Found a staircase to the Tomb.
 50693 | Depths:1 | Entered Level 1 of the Depths
 50693 | Depths:1 | Identified the +2 robe "Yzywonedgh" {Regen+ Int+3}
 50693 | Depths:1 | Noticed Boris
 50702 | Depths:1 | Your ally Bogdan died
 50704 | Depths:1 | Killed Boris
 50879 | Depths:1 | Found a one-way gateway to a ziggurat.
 50897 | Depths:1 | Reached XP level 26. HP: 211/211 MP: 37/37
 51098 | Depths:1 | Identified the +1 sling "Obavvisk" {flame, rPois rC- MP+9}
 51109 | Depths:1 | Found a gateway to Hell.
 51305 | Depths:1 | Found Baumag's Gadget Gallery.
 51319 | Depths:1 | Bought a wand of polymorph (5) for 77 gold pieces
 51319 | Depths:1 | Bought a wand of acid (5) for 231 gold pieces
 51319 | Depths:1 | Bought a wand of polymorph (2) for 30 gold pieces
 51738 | Depths:2 | Reached skill level 18 in Translocations
 51751 | Depths:2 | Reached skill level 15 in Dodging
 51763 | Depths:2 | Identified the orb of the Six of Cups {*channel, rCorr
                  | Slay+2 Stlth+}
 51768 | Depths:2 | Your ally Bogdan died
 51798 | Depths:2 | Identified the +7 lajatang "Zome" {protect, Will- Str+4
                  | Int+3}
 51861 | Depths:2 | Found the +9 sword of Power {lifebolt}
 51992 | Depths:2 | Found a one-way gate leading to the halls of Pandemonium.
 52230 | Depths:2 | Identified the ring "Nout Kopo" {rElec rF+ rC+ Dex+6}
 52558 | Depths:2 | Got the Compendium of Terrain and Despicable Mysteries
 52701 | Depths:3 | Reached skill level 19 in Translocations
 52711 | Depths:3 | Noticed Sojobo
 52730 | Depths:3 | Killed Sojobo
 53065 | Depths:3 | Noticed Parghit
 53070 | Depths:3 | Killed Parghit
 53211 | Depths:3 | Found a one-way gate to the infinite horrors of the Abyss.
 53590 | Depths:4 | Entered Level 4 of the Depths
 53596 | Depths:4 | Reached XP level 27. HP: 204/217 MP: 37/37
 53628 | Depths:4 | Noticed Vv
 53650 | Depths:4 | Killed Vv
 53668 | Depths:4 | Your ally Bogdan died
 53706 | Depths:4 | Found a gate to the Realm of Zot.
 53739 | Depths:4 | Reached skill level 20 in Translocations
 53800 | Depths:4 | Noticed Mennas
 53813 | Depths:4 | Killed Mennas
 53814 | Depths:4 | Reached skill level 10 in Evocations
 53883 | Depths:4 | Found Vuliam's Book Emporium.
 54053 | Depths:4 | Noticed Xarghoihy's ghost (veteran MiCA)
 54180 | Depths:4 | Noticed a juggernaut
 54185 | Depths:4 | Killed a juggernaut
 54234 | Depths:4 | Found a runed translucent door.
 54381 | Depths:4 | Reached skill level 10 in Spellcasting
 54612 | Depths:4 | Killed Xarghoihy's ghost
 54937 | Vaults:3 | Learned a level 5 spell: Summon Forest
 55263 | Slime:1  | Entered Level 1 of the Pits of Slime
 55941 | Slime:4  | Was placed under penance by Beogh
 55942 | Slime:4  | Gained mutation: You are vulnerable to cold. (rC-) [a
                  | shining eye]
 55966 | Slime:3  | Reached skill level 1 in Summonings
 56978 | Slime:5  | Entered Level 5 of the Pits of Slime
 57024 | Slime:5  | Was forgiven by Beogh
 57035 | Slime:5  | Reached skill level 21 in Translocations
 57077 | Slime:5  | Found the +0 pair of gloves of the gadgeteer {Gadgeteer
                  | Wandboost ^Fragile}
 57110 | Slime:5  | Reached skill level 5 in Summonings
 57122 | Slime:5  | Found the +9 scales of the Dragon King {rPois rF+ rC+
                  | Will+}
 57244 | Slime:5  | Noticed the Royal Jelly
 57255 | Slime:5  | Killed the Royal Jelly
 57261 | Slime:5  | Your ally Milork died
 57342 | Slime:5  | Got Sif Muna's Guidebook on Flamy Position
 57343 | Slime:5  | Identified the +1 plate armour of the Present {Str+3
                  | Stlth+}
 57425 | Slime:5  | Identified the +7 war axe "Aubergine" {flame, ^Fragile
                  | rN+++ MP+9 Str-5}
 57643 | Slime:5  | Identified the amulet of Rebavecu {Acrobat rPois rC+ Str+4}
 57722 | Slime:5  | Identified the ring of Finality {rPois rF- rCorr Dex+3}
 57730 | Slime:5  | Got a slimy rune of Zot
 57930 | D:9      | Lost mutation: You are vulnerable to cold. (rC-) [potion of
                  | mutation]
 57930 | D:9      | Gained mutation: You are strong-willed. (Will+) [potion of
                  | mutation]
 57930 | D:9      | Gained mutation: Your flesh is heat resistant. (rF+)
                  | [potion of mutation]
 58119 | Pan      | Entered Pandemonium
 58164 | Pan      | Identified the +1 leather armour "Loyrajeq" {Rampage rElec
                  | rF- Int+4 Stlth+}
 58269 | Pan      | Noticed Xycoh the pandemonium lord
 58275 | Pan      | Killed Xycoh the pandemonium lord
 58286 | Pan      | Your ally Bogdan died
 58374 | Pan      | Learned a level 1 spell: Apportation
 58466 | Pan      | Noticed Woaqas the pandemonium lord
 58471 | Pan      | Your ally Milork died
 58474 | Pan      | Your ally Bogdan died
 58474 | Pan      | Gained mutation: You occasionally lose the ability to drink
                  | potions when taking damage. [a cacodemon]
 58475 | Pan      | Your ally Morbeogh died
 58481 | Pan      | Killed Woaqas the pandemonium lord
 58487 | Pan      | Reached skill level 22 in Translocations
 58582 | Pan      | Got the Compilation of the Jinx
 59226 | Pan      | Noticed Duerphent the pandemonium lord
 59239 | Pan      | Killed Duerphent the pandemonium lord
 59259 | Pan      | Your ally Bogdan died
 59290 | Pan      | Reached skill level 23 in Translocations
 59307 | Pan      | Your ally Morbeogh died
 59466 | Pan      | Entered the realm of Cerebov.
 59866 | Pan      | Your ally Bogdan died
 60224 | Pan      | Identified the +2 falchion "Kiosutoq" {freeze, rN++ Dex-5}
 60239 | Pan      | Identified the +3 scale mail of Ignis, Bashing {Str+4
                  | Int+3}
 60284 | Pan      | Identified the staff of Qeal {rN+ Int+4 Necro Tloc Alchemy}
 60333 | Pan      | Identified the +1 flail of Ethram {freeze, +Blink rCorr
                  | Int+3}
 60368 | Pan      | Identified the ring "Igighub" {rPois rC- Slay+5 SInv}
 60392 | Pan      | Identified the +7 demon blade of the Endless Expanse
                  | {venom, rC+}
 60416 | Pan      | Found the +6 sword of Cerebov {flame}
 60416 | Pan      | Noticed Cerebov
 60423 | Pan      | Your ally Milork died
 60423 | Pan      | Your ally Bogdan died
 60424 | Pan      | Reached skill level 24 in Translocations
 60429 | Pan      | Your ally Morbeogh died
 60429 | Pan      | Killed Cerebov
 60457 | Pan      | Got a fiery rune of Zot
 60651 | Pan      | Identified the +0 helmet "Osimmedgh" {rPois}
 60742 | Pan      | Entered the realm of Gloorx Vloq.
 60843 | Pan      | Identified the +2 short sword of the Lusting Fool {freeze,
                  | MP+9 Stlth+}
 61479 | Pan      | Identified the ring of Xom's Best Wishes {Wiz rCorr Int+6
                  | SInv}
 61648 | Pan      | Reached skill level 25 in Translocations
 61772 | Pan      | Noticed Ycev the pandemonium lord
 61784 | Pan      | Killed Ycev the pandemonium lord
 61963 | Pan      | Identified the orb of Zoree {mayhem, rN++}
 62040 | Pan      | Noticed Teexamah the pandemonium lord
 62048 | Pan      | Killed Teexamah the pandemonium lord
 62074 | Pan      | Identified the +2 ring mail "Dautzas" {rC+ Will+ Int+3
                  | Stlth+}
 62199 | Pan      | Found an exit through the horrors of the Abyss.
 62330 | Pan      | Took an exit into the Abyss.
 62330 | Abyss:1  | Escaped into the Abyss
 62469 | Abyss:1  | Found a corrupted altar of Lugonu.
 62497 | Abyss:1  | Found a corrupted altar of Lugonu.
 62498 | Abyss:1  | Found a corrupted altar of Lugonu.
 62498 | Abyss:1  | Found a corrupted altar of Lugonu.
 62557 | Abyss:1  | Found a corrupted altar of Lugonu.
 62668 | Abyss:1  | Found a corrupted altar of Lugonu.
 62706 | Abyss:1  | Found a corrupted altar of Lugonu.
 62786 | Abyss:1  | Found a corrupted altar of Lugonu.
 62792 | Depths:2 | Escaped the Abyss
 63075 | Orc:2    | Bought a scroll of revelation for 97 gold pieces
 63075 | Orc:2    | Bought a scroll of fear for 52 gold pieces
 63075 | Orc:2    | Bought a scroll of brand weapon for 123 gold pieces
 63075 | Orc:2    | Bought a scroll of enchant weapon for 97 gold pieces
 63434 | Snake:3  | Bought a manual of Evocations for 880 gold pieces
 63443 | Snake:3  | Learned a level 8 spell: Disjunction
 63451 | Snake:3  | Learned a level 7 spell: Malign Gateway
 63839 | Zot:1    | Entered Level 1 of the Realm of Zot
 63979 | Zot:1    | Your ally Bogdan died
 63995 | Zot:1    | Your ally Milork died
 63999 | Zot:1    | Reached skill level 26 in Translocations
 64101 | Zot:1    | Found a transporter.
 64276 | Zot:1    | Found a transporter.
 64556 | Zot:2    | Reached skill level 10 in Summonings
 64652 | Zot:2    | Lost mutation: You occasionally lose the ability to drink
                  | potions when taking damage. [potion of mutation]
 64652 | Zot:2    | Lost mutation: Your flesh is heat resistant. (rF+) [potion
                  | of mutation]
 64652 | Zot:2    | Lost mutation: You are strong-willed. (Will+) [potion of
                  | mutation]
 64652 | Zot:2    | Gained mutation: Your spells are a little easier to cast,
                  | but a little less powerful. [potion of mutation]
 64653 | Zot:2    | Lost mutation: Your spells are a little easier to cast, but
                  | a little less powerful. [potion of mutation]
 64653 | Zot:2    | Gained mutation: You passively map a small area around you.
                  | [potion of mutation]
 64653 | Zot:2    | Gained mutation: Your muscles are strong. (Str +4, Int/Dex
                  | -1) [potion of mutation]
 65035 | Zot:2    | Your ally Milork died
 65043 | Zot:2    | Your ally Bogdan died
 65274 | Zot:2    | Found a corrupted altar of Lugonu.
 65700 | Zot:3    | Found a transporter.
 65700 | Zot:3    | Found a transporter.
 65704 | Zot:3    | Found a transporter.
 65704 | Zot:3    | Found a transporter.
 65955 | Zot:3    | Noticed a Killer Klown
 65968 | Zot:3    | Killed a Killer Klown
 66146 | Zot:4    | Identified the ring of Jymoix {^Drain rPois rC+ Int+5
                  | Dex+3}
 66349 | Zot:4    | Found a blossoming altar of Fedhas.
 66561 | Zot:4    | Reached skill level 27 in Translocations
 66600 | Zot:4    | Your ally Bogdan died
 67267 | Zot:4    | Noticed an orb of fire
 67276 | Zot:4    | Killed an orb of fire
 67860 | Zot:5    | Entered Level 5 of the Realm of Zot
 68278 | Zot:5    | Noticed a dread lich
 68279 | Zot:5    | Noticed an ancient lich
 68282 | Zot:5    | Killed a dread lich
 68304 | Zot:5    | Killed an ancient lich
 68333 | Zot:5    | Reached skill level 15 in Summonings
 68478 | Zot:5    | Noticed an ancient lich
 68483 | Zot:5    | Killed an ancient lich
 68650 | Zot:5    | Noticed a Killer Klown
 68656 | Zot:5    | Killed a Killer Klown
 68663 | Zot:5    | Noticed an orb of fire
 68666 | Zot:5    | Noticed a Killer Klown
 68676 | Zot:5    | Killed an orb of fire
 68694 | Zot:5    | Noticed a Killer Klown
 68698 | Zot:5    | Noticed an orb of fire
 68708 | Zot:5    | Noticed an orb of fire
 68713 | Zot:5    | Gained mutation: Your body sometimes deteriorates upon
                  | taking damage. [an orb of fire]
 68714 | Zot:5    | Gained mutation: You do not regenerate when monsters are
                  | visible. [an orb of fire]
 68716 | Zot:5    | Killed an orb of fire
 68716 | Zot:5    | Killed an orb of fire
 68717 | Zot:5    | Noticed a Killer Klown
 68722 | Zot:5    | Noticed a Killer Klown
 68733 | Zot:5    | Killed a Killer Klown
 68737 | Zot:5    | Killed a Killer Klown
 68737 | Zot:5    | Noticed a Killer Klown
 68738 | Zot:5    | Noticed a dread lich
 68741 | Zot:5    | Noticed a Killer Klown
 68744 | Zot:5    | Killed a Killer Klown
 68752 | Zot:5    | Killed a dread lich
 68753 | Zot:5    | Killed a Killer Klown
 68760 | Zot:5    | Killed a Killer Klown
 68767 | Zot:5    | Killed a Killer Klown
 68957 | Zot:5    | Noticed a Killer Klown
 68962 | Zot:5    | Noticed an orb of fire
 68972 | Zot:5    | Killed an orb of fire
 68974 | Zot:5    | Killed a Killer Klown
 69244 | Zot:5    | Got the Orb of Zot
 69896 | D:2      | Noticed Xuqam the pandemonium lord
 69903 | D:2      | Killed Xuqam the pandemonium lord
 69984 | D:$      | Escaped with the Orb!

Illustrated notes

Levels and vault maps discovered:
D:1:      ncdulo_watergridlock, layout_basic, serial_forest,
          infiniplex_forest_straight_4, infiniplex_forest_corner_1,
          infiniplex_forest_lined_4_way, infiniplex_forest_clump_medium,
          infiniplex_forest_lined_room_2, infiniplex_forest_end_2,
          hangedman_decor_diamond_cutter
D:2:      layout_basic, uniq_terence, uniq_crazy_yiuf_cottage
D:3:      layout_rooms, mainiacjoe_overflow_24_doors,
          mainiacjoe_overflow_six_doors_small, serial_shops,
          nicolae_shop_pleasant_corner_grove, shop, shop, shop_statue, shop,
          eino_tiny_chamber, wander_ebering_terrifying_dragon_lair, uniq_jessica
D:4:      layout_basic, tgw_sif, mainiacjoe_overflow_concentric_impassable,
          uniq_robin
D:5:      layout_gridville, serial_shops, nicolae_shop_waterfront,
          gammafunk_ghost_gnarly_gnolls, uniq_ijyb
D:6:      layout_loops_cross, hangedman_ru_absence, minmay_temple_entry_mist,
          st_stairs_11
D:7:      layout_loops_ring, tso_oasis_becter, grunt_ministairs_8,
          chequers_serial_rivers_room_b, pf_guarded_unrand_woodcutter
D:8:      erik_cavepeople, layout_basic, minmay_holes, introduction_to_nature_2,
          uniq_maggie
D:9:      layout_roguey, overflow_temple_1_default,
          mainiacjoe_overflow_tiny_flanked, erik_lair_orcish_takeover,
          onia_ninara_cookie, uniq_grum
D:10:     layout_cave_pools, pf_just_have_faith, grunt_ogre_cave,
          kennysheep_doodads, nicolae_figureground_sparkle
D:11:     layout_roguey, minmay_orc_entry_temple_small, grunt_gozag_breadcrumbs
D:12:     layout_gridville, gammafunk_ghost_split, palyth_stone_intersect
D:13:     layout_basic, hangedman_vaults_entry_quadrant_bands
D:14:     layout_loops_ring, serial_ice, serial_ice_n, serial_ice_l,
          serial_ice_d, serial_ice_c, serial_ice_h, serial_ice_e, serial_ice_m
D:15:     gammafunk_enter_depths_forms, layout_rooms,
          chequers_serial_rivers_large_b, gammafunk_ghost_hydra_chop,
          hellmonk_guarded_unrand_salamander
Lair:1:   layout_misc_corridors, grunt_megastairs_4
Lair:2:   layout_concentric_octagons, skrybe_swamp_entry_bodies,
          nicolae_snake_entry_squirm, pdpol_lair_neglected_garden, wad_woods_03,
          uniq_fannar
Lair:3:   layout_gridlike, uniq_gastronok
Lair:4:   layout_regular_city, hibernation_bobbens
Lair:5:   evilmike_catoblepas_cave, layout_long_grid, slime_entry_1,
          ebering_ghost_funeral_grove, minivault_24, uniq_sonja
Swamp:1:  layout_falls_marsh, serial_swamp_ruin, evilmike_swamp_ruin_house_1,
          evilmike_swamp_ruin_rubble_1, evilmike_swamp_ruin_rubble_2
Swamp:2:  layout_falls_marsh, ebering_ghost_rock_garden, hangedman_swamp_blocks
Swamp:3:  layout_basic_swamp, evilmike_swamp_ruin_house_2, swamp_pool_1_2,
          hangedman_swamp_lotus, nicolae_swamp_wisp_ring_woods
Swamp:4:  swamp_vile, layout_basic_swamp, gammafunk_ghost_mausoleum,
          swamp_pool_1_2
Snake:1:  layout_layer_cave, serial_bayou_shore_b, minmay_shoptagon, uniq_kirke
Snake:2:  layout_chambers
Snake:3:  layout_basic, nicolae_shop_vocational, uniq_agnes, uniq_bai_suzhen
Snake:4:  grunt_snake_rune_pools, layout_cave_town, drop_trap
Slime:1:  layout_caves
Slime:2:  layout_caves
Slime:3:  layout_caves, nicolae_slime_barrier
Slime:4:  nicolae_slime_pool, layout_caves
Slime:5:  slime_pit_nicolae_inversion
Orc:1:    layout_caves, nicolae_orc_beogh_chapel, uniq_snorg, uniq_josephine
Orc:2:    kennysheep_orc_mage_school, layout_caves
Elf:1:    layout_geoelf_octagon, serial_shops, shop, minmay_elf_necromancy,
          minmay_shop_grove
Elf:2:    elven_hall_of_blades_hangedman_original
          [nicolae_blade_entry_splitting_headache], layout_loops_cross,
          drop_trap, uniq_norris
Elf:3:    minmay_elf_hall_curves, layout_loops_cross, serial_shops, shop
Vaults:1: ontoclasm_vaults_pinch, nicolae_vaults_cornered_office,
          hangedman_vaults_stretched_pinwheel, hangedman_vaults_hat, v_misc_30,
          v_misc_12, ontoclasm_vaults_eye, nicolae_vaults_wrenched,
          nicolae_vaults_trapezoid_lopsided_3, nicolae_vaults_apartment_1,
          vaults_room_hangedman_quadrants, nicolae_vaults_offset_grid_hallway_3,
          layout_vaults_big_cross
Vaults:2: nicolae_vaults_meiosis, nicolae_vaults_wine_cellar,
          nicolae_vaults_tetromino_T_1, nicolae_vaults_double_plus_2,
          vaults_mumra_chevron, nicolae_vaults_yaktaur_gun_rack,
          nicolae_vaults_closet_pinwheel_5, hangedman_vaults_locks,
          vaults_room_ringed_pool, nicolae_vaults_sesquioval_fish,
          nicolae_vaults_diagonal_hallway_7, minmay_crypt_entry_simple_corners,
          nicolae_vaults_house_2, ontoclasm_vaults_shout, layout_vaults_big_room
Vaults:3: ontoclasm_vaults_ring_square, vaults_room_door_hall,
          nicolae_vaults_closet_pinwheel_4, nicolae_vaults_storage_closets_3,
          nicolae_vaults_tetromino_T_2, v_misc_31, nicolae_vaults_trapezoid_1,
          layout_vaults_omnigrid, uniq_boris, uniq_nikola
Vaults:4: portal_desolation_entry_nicolae_nacl, nicolae_vaults_steering_wheel,
          vaults_mumra_minichess, nicolae_vaults_mitosis,
          nicolae_vaults_offset_grid_hallway_4, nicolae_vaults_apartment_2,
          ontoclasm_vaults_hangar, hangedman_vaults_impose, st_diamondy,
          layout_vaults_maze_snakey
Vaults:5
Crypt:1:  layout_chaotic_city, basic_altar, uniq_donald
Crypt:2:  layout_misc_corridors, serial_library_hellmonk_semicircle,
          roderic_lattice_octagonal_star
Crypt:3:  church_of_pain_bobbens, layout_chaotic_city,
          nicolae_tomb_entry_rubble_hallway, grunt_ministairs_11
Depths:1: layout_small_grid, enter_ziggurat_e, serial_bayou,
          serial_bayou_pond_a, serial_bayou_lagoon_a, serial_bayou_crossing,
          serial_bayou_pond_b, pf_hell_entry_tar_river,
          chequers_serial_rivers_large_a, nicolae_shop_gadgets,
          grunt_megastairs_2, serial_bayou_shore_b
Depths:2: minmay_cut_squares, layout_gridlike, reono_crystal_passage,
          rand_demon_pan_entry_7, grunt_hell_entry_dis_old
Depths:3: minmay_the_grid_3x3 [minmay_the_grid_tree, minmay_the_grid_empty,
          minmay_the_grid_broken_lines, minmay_the_grid_pillar_ring,
          minmay_the_grid_doors, minmay_the_grid_diamond_grid,
          minmay_the_grid_dragon_b, minmay_the_grid_spin_star,
          minmay_the_grid_prize_four_corners], layout_gridlike, abyss_entry,
          hell_entry, minmay_staircase_windowed_small, uniq_parghit, uniq_sojobo
Depths:4: evilmike_zot_entry_argh, layout_basic, serial_shops,
          nicolae_shop_just_a_little_nook, rand_demon_pan_entry_5,
          hellmonk_ghost_happy_afterlife,
          nicolae_concentric_dashed_squares_mild, pf_coc_iceberg, uniq_mennas,
          uniq_vv
Zot:1:    gammafunk_dig_for_victory, layout_onion_interference
Zot:2:    layout_basic, amcnicky_altar_lugonu_corruption
Zot:3:    layout_twisted_circle, nicolae_diode_quadrants
Zot:4:    lemuel_firehouse, layout_concentric_octagons, basic_altar,
          regret_index_zotdec_decaying_basic, zot_minivault_5
Zot:5:    layout_misc_corridors

Skill      XL: |  1  2  3  4  5  6  7  8  9 10 11 12 13 14 15 16 17 18 19 20 21 22 23 24 25 26 27 |
---------------+----------------------------------------------------------------------------------+-----
Long Blades    | 4 5 6 7 8 10 12 13 14 15 16 17 19 20 | 20.8
Fighting       | 4 5 6 7 8 9 11 12 14 16 17 18 19 | 19.1
Evocations     | 2 3 6 8 12 | 12.0
Throwing       | 2 |  2.0
Invocations    | 4 7 8 11 12 16 18 20 | 20.0
Armour         | 5 6 9 11 12 13 15 17 18 19 | 19.1
Dodging        | 5 6 8 10 12 14 15 16 | 16.0
Shields        | 8 13 15 16 18 19 20 21 | 21.4
Spellcasting   | 6 8 9 13 | 13.0
Translocations | 4 8 12 13 14 16 17 19 27 | 27.0
Summonings     | 15 | 15.0

Action                     |  1- 3 |  4- 6 |  7- 9 | 10-12 | 13-15 | 16-18 | 19-21 | 22-24 | 25-27 || total
---------------------------+-------+-------+-------+-------+-------+-------+-------+-------+-------++-------
  Melee: Falchion          |    41 |     4 |    14 |       |       |       |       |       |       ||    59
         Short sword       |       |   140 |   345 |    78 |       |       |       |       |       ||   563
         Great sword       |       |       |     4 |   174 |   449 |   533 |   528 |   563 |  1200 ||  3451
         Flamberge         |       |       |       |       |       |       |       |       |  1168 ||  1168
  Throw: Dart              |     5 |    12 |    20 |     9 |       |       |       |       |     1 ||    47
         Boomerang         |       |       |       |     6 |       |       |       |       |       ||     6
   Cast: Manifold Assault  |       |       |       |       |       |       |       |       |   105 ||   105
         Apportation       |       |       |       |       |       |       |       |       |     5 ||     5
         Disjunction       |       |       |       |       |       |       |       |       |     2 ||     2
         Summon Forest     |       |       |       |       |       |       |       |       |     2 ||     2
         Gell's Gavotte    |       |       |       |       |       |       |       |       |     2 ||     2
         Dispersal         |       |       |       |       |       |       |       |       |     1 ||     1
 Invoke: Convert to Beogh  |       |       |     1 |       |       |       |       |       |       ||     1
         Recall Apostles   |       |       |       |    11 |    13 |    11 |    20 |    11 |    16 ||    82
         Recruit Apostle   |       |       |       |     3 |     2 |     1 |     2 |     2 |       ||    10
         Smiting           |       |       |       |    12 |     8 |     4 |     9 |     3 |    30 ||    66
         Dismiss Apostle   |       |       |       |       |     2 |     1 |     2 |     2 |       ||     7
         Blood for Blood   |       |       |       |       |       |     2 |     1 |     1 |     3 ||     7
Ability: Dig               |       |       |       |       |       |       |     2 |       |     8 ||    10
  Evoke: Wand              |       |       |     3 |    10 |     4 |       |       |       |     4 ||    21
         Tin of tremorston |       |       |       |       |       |     3 |     3 |       |     5 ||    11
         Phantom mirror    |       |       |       |       |       |     1 |     1 |     1 |     1 ||     4
         Lightning rod     |       |       |       |       |       |       |       |       |     5 ||     5
         Sack of spiders   |       |       |       |       |       |       |       |       |     2 ||     2
    Use: Scroll            |       |       |       |    15 |     4 |    19 |    10 |     3 |    16 ||    67
         Potion            |       |       |       |       |       |       |       |       |    17 ||    17
   Stab: Paralysed         |       |       |       |     3 |     2 |       |       |       |       ||     5
         Distracted        |       |       |       |     2 |    11 |    13 |    19 |    36 |    75 ||   156
         Held in net/web   |       |       |       |       |       |       |       |       |     2 ||     2
         Fleeing           |       |       |       |       |       |       |       |       |     1 ||     1
 Armour: Robe              |     2 |       |       |       |       |       |       |       |       ||     2
         Ring mail         |    20 |     2 |    44 |    74 |       |       |       |       |       ||   140
         Scale mail        |       |    98 |   179 |       |       |       |       |       |       ||   277
         Storm dragon scal |       |       |       |   189 |   325 |   497 |   375 |   214 |   773 ||  2373
  Dodge: Dodged            |    22 |    52 |   178 |   129 |   137 |   166 |   140 |   228 |  1229 ||  2281
  Block: Kite shield       |       |       |       |       |   201 |   259 |       |       |       ||   460
         Reflection        |       |       |       |       |     8 |    81 |     1 |       |       ||    90
         Tower shield      |       |       |       |       |       |   671 |   750 |   690 |  2929 ||  5040

Table legend: (Time is in decaauts)
 A = Elapsed time spent in this place.
 B = Non-inter-level travel time spent in this place.
 C = Inter-level travel time spent in this place.
 D = Time resting spent in this place.
 E = Time spent auto-exploring this place.
 F = Levels seen in this place.
 G = Mean time per level.
                   A        B        C        D        E       F      G
               +--------+--------+--------+--------+--------+-----+--------+
         Total |  70111 |  63607 |   6504 |   1534 |  48299 |  66 | 1062.3 |
       Dungeon |  19871 |  16965 |   2906 |    290 |  13750 |  15 | 1324.7 |
          Lair |   6869 |   5905 |    964 |      0 |   5046 |   5 | 1373.8 |
         Swamp |   2602 |   2403 |    199 |    191 |   1527 |   4 |  650.5 |
     Snake Pit |   6616 |   6322 |    294 |    519 |   4713 |   4 | 1654.0 |
    Slime Pits |   2594 |   2420 |    174 |      0 |   1690 |   5 |  518.8 |
  Orcish Mines |   2918 |   2597 |    321 |      0 |   2335 |   2 | 1459.0 |
   Elven Halls |   3729 |   3550 |    179 |     62 |   2571 |   3 | 1243.0 |
        Vaults |   6755 |   6275 |    480 |     28 |   4927 |   5 | 1351.0 |
         Crypt |   2556 |   2432 |    124 |     28 |   1655 |   3 |  852.0 |
        Depths |   4452 |   3841 |    611 |      6 |   2890 |   4 | 1113.0 |
           Zot |   5433 |   5185 |    248 |     92 |   3900 |   5 | 1086.6 |
         Abyss |    448 |    448 |      0 |      0 |    315 |   1 |  448.0 |
   Pandemonium |   4197 |   4197 |      0 |    318 |   2177 |   9 |  466.3 |
    Desolation |   1064 |   1064 |      0 |      0 |    802 |   1 | 1064.0 |
               +--------+--------+--------+--------+--------+-----+--------+

Top non-repeatable levels by time:
Vaults:5: 2074 daAuts
   Orc:2: 2055 daAuts
  Lair:5: 1965 daAuts
    D:15: 1899 daAuts
 Snake:2: 1867 daAuts
     D:7: 1796 daAuts
     D:5: 1759 daAuts
   Zot:4: 1714 daAuts
 Snake:3: 1678 daAuts
     D:4: 1666 daAuts
 Snake:4: 1664 daAuts
     D:8: 1650 daAuts
   Elf:3: 1598 daAuts
     D:1: 1536 daAuts
Vaults:3: 1447 daAuts
